 Dungeon Crawl Stone Soup version 0.29.0-5-ge4962eb29e (webtiles) character file.

Game seed: 14737356539755627105

20657 ketsa the Eclecticist (level 13, -4/87 HPs)
             Began as a Djinni Conjurer on Aug 28, 2022.
             Was a High Priest of Makhleb.
             Slain by a white ugly thing (39 damage)
             ... on level 12 of the Dungeon.
             The game lasted 01:30:04 (20427 turns).

ketsa the Eclecticist (Djinni Conjurer)            Turns: 20427, Time: 01:30:05

Health: -4/87      AC:  8    Str:  6    XL:     13   Next: 14%
Gold:   997        EV: 29    Int: 25    God:    Makhleb [*****.] SH:  0 Dex: 12

rFire   + + .      SeeInvis .   D - +7 dagger
rCold   x . .      Faith    .   I - orb {mayhem}
rNeg    . . .      Spirit   .   N - +1 robe {Archmagi}
rPois   ∞          Reflect  .   t - +0 helmet
rElec   .          Harm     .   r - +2 cloak
rCorr   +          Rampage  .   y - +0 pair of gloves
Will    ++...      Archmagi +   (boots unavailable)
Stlth   ++........              u - amulet of the acrobat
HPRegen 0.24/turn               F - ring of willpower
MPRegen 0.00/turn               w - ring of resist corrosion

@: acrobatic, freezing walls, flying
A: sickness immunity, fire resistance 2, cold vulnerability 1, float, innate
caster, HP casting, extra vitality 1
a: Renounce Religion, Minor Destruction, Lesser Servant of Makhleb, Major
Destruction, Greater Servant of Makhleb


You were on level 12 of the Dungeon.
You worshipped Makhleb.
Makhleb was extremely pleased with you.
You visited 4 branches of the dungeon, and saw 16 of its levels.

You collected 1036 gold pieces.
You spent 39 gold pieces at shops.

Inventory:

Hand Weapons
 f - a +0 whip of venom
 g - a +2 dagger of speed
 o - a +2 whip of electrocution
 D - a +7 dagger (weapon)
Missiles
 K - 6 javelins
 P - 4 silver javelins
Armour
 a - a +0 robe
 r - a +2 cloak (worn)
 t - a +0 helmet (worn)
 y - a +0 pair of gloves (worn)
 I - an orb of mayhem (worn)
 N - a +1 robe of the Archmagi (worn)
Jewellery
 u - an amulet of the acrobat (around neck)
 w - a ring of resist corrosion (right hand)
 F - a ring of willpower (left hand)
 G - a +6 ring of dexterity
 J - a ring of willpower
 T - a ring of willpower
 V - a +6 ring of strength
Wands
 v - a wand of flame (49)
 A - a wand of digging (10)
 B - a wand of roots (20)
 C - a wand of mindburst (19)
Scrolls
 b - 3 scrolls of butterflies
 c - 4 scrolls of enchant weapon
 i - a scroll of silence {unknown}
 k - 4 scrolls of immolation
 l - 2 scrolls of fear
 n - 4 scrolls of teleportation
 q - a scroll of summoning {unknown}
 x - a scroll of blinking {unknown}
 z - 2 scrolls of magic mapping {unknown}
 L - a scroll of noise {unknown}
 O - a scroll of brand weapon {unknown}
 Q - 2 scrolls of identify
Potions
 d - 4 potions of curing
 e - 7 potions of mutation
 h - 2 potions of lignification
 j - a potion of heal wounds
 m - 5 potions of haste
 p - 2 potions of flight
 s - 2 potions of magic
 E - a potion of berserk rage
 H - a potion of resistance {unknown}
 M - 2 potions of degeneration {unknown}
 R - a potion of attraction {unknown}
 S - a potion of ambrosia {unknown}
 U - 2 potions of might {unknown}


   Skills:
 + Level 5.7 Fighting
 + Level 6.7 Dodging
 - Level 1.5 Stealth
 + Level 15.1 Spellcasting


You had 9 spell levels left.
You knew the following spells:

 Your Spells              Type           Power      Damage    Failure   Level
a - Magic Dart            Conj           100%       1d8       0%          1
b - Searing Ray           Conj           100%       2d8       0%          2
c - Dazzling Flash        Conj/Hex       100%       N/A       1%          3
d - Fulminant Prism       Conj/Hex       48%        3d21      1%          4
e - Iskenderun's Mystic   Conj/Tloc      96%        2d19      1%          4
f - Summon Small Mammal   Summ           100%       N/A       0%          1
g - Ensorcelled Hibernat  Hex/Ice        100%       N/A       0%          2
h - Inner Flame           Hex/Fire       96%        N/A       1%          3
i - Frozen Ramparts       Ice            100%       1d16      1%          3
j - Manifold Assault      Tloc           96%        N/A       1%          5
k - Yara's Violent Unrav  Hex/Tmut       48%        3d19      1%          5
Your spell library was empty.

Dungeon Overview and Level Annotations

Branches:
Dungeon (13/15)            Temple (1/1) D:4            Lair (1/5) D:8
    Orc (1/2) D:12
 Vaults: D:13-14

Altars:
Ashenzari
Cheibriados
Dithmenos
Elyvilon
Fedhas
Gozag
Hepliaklqana
Makhleb
Nemelex Xobeh
Okawaru
Qazlal
Ru
Trog
Uskayaw
Wu Jian
Xom
Yredelemnul
Zin
The Shining One

Shops:
D:2 !!=(   D:8 =

Annotations:
D:2 Sigmund
D:6 Maggie
D:7 3 runed translucent doors, exclusion: downstairs, p0werm0de's ghost, novice MiFi


Innate Abilities, Weirdness & Mutations

You are immune to sickness and miasma.
You are immune to poison.
Your flesh is very heat resistant. (rF++)
You are vulnerable to cold. (rC-)
You float through the air rather than walking.
You learn spells naturally, not from books.
Your magical power is your life essence.
You have superior vitality. (+4 MHP)


Message History

The searing ray misses the white ugly thing. (Press . to maintain the ray.)
The white ugly thing resists.
The wall freezes the white ugly thing.
The searing ray hits the white ugly thing.
The white ugly thing is lightly wounded.
The white ugly thing completely resists.
The wall freezes the white ugly thing but does no damage.
The white ugly thing completely misses you.
The searing ray misses the white ugly thing.
The white ugly thing completely resists.
The wall freezes the white ugly thing but does no damage.
The white ugly thing misses you.
The searing ray hits the white ugly thing!
The white ugly thing is moderately wounded.
You finish channelling your searing ray.
The white ugly thing completely resists.
The wall freezes the white ugly thing but does no damage.
The white ugly thing closely misses you.
Casting: Searing Ray (safe; 0% risk of failure)
Confirm with . or Enter, or press ? or * to list all spells.
Aiming: Searing Ray (safe; 0% risk of failure)
Press: ? - help, Shift-Dir - straight line, f/p - white ugly thing
Aim: a white ugly thing (moderately wounded, 83% to hit)
You feel a surge of power!
The searing ray hits the white ugly thing.
The white ugly thing is moderately wounded. (Press . to maintain the ray.)
The white ugly thing resists.
The wall freezes the white ugly thing!
The white ugly thing headbutts you. The white ugly thing freezes you!!
You feel a terrible chill!
The searing ray hits the white ugly thing!
The white ugly thing is severely wounded.
The white ugly thing resists.
The wall freezes the white ugly thing.
The white ugly thing closely misses you.
The searing ray hits the white ugly thing.
The white ugly thing is severely wounded.
The wall freezes the white ugly thing but does no damage.
The white ugly thing headbutts you! The white ugly thing freezes you!!!
You feel a terrible chill!
You die...

...# #..# ##..##
##...####..#
...###..###..##
##.......##
...#........##
#.#########
...#........# #.#.#
....#.##..#.##
#.#.##.
....#.##..#.#.#
#.#.#..
..8...##..#.##.#
#.#.#.# ....####..#.#
#.#u#.#.#
....####..#.##
#@#.#.#
...#.........##.#.#.#
...#..........##.#.#
...#####..###..###.##
...# #..# ##.# #..##
##### #..# #.###.#.#
##..####..# #.#.....#
.........^# #.#.#.###
##........# ##.##..#


You could see a white ugly thing.

Vanquished Creatures
  Snorg (D:11)
  3 two-headed ogres
  Urug (D:11)
  Amaemon (D:8)
  Lodul (D:10)
  Pikel (D:6)
  A deep elf pyromancer (D:12)
  3 manticores
  Maurice (D:10)
  2 kobold demonologists (D:12)
  An orange demon (D:8)
  4 unseen horrors
  2 trolls
  2 blink frogs (Lair:1)
  A hornet (D:9)
  Grinder (D:4)
  10 yaks
  A wraith (D:10)
  2 shadows
  4 wyverns
  Grum (D:9)
  9 vampire mosquitoes
  2 steam dragons (D:9)
  2 two-headed ogre zombies (D:12)
  Menkaure (D:4)
  Edmund (D:6)
  4 acid dragons
  3 water moccasins
  7 orc warriors
  3 ice beasts
  5 sky beasts
  2 black bears
  9 ogres
  2 wolves (D:9)
  2 centaurs
  A lemure (D:6)
  2 phantoms
  6 bullfrogs
  3 kobold brigands
  A gnoll sergeant (D:10)
  2 necrophages
  4 scorpions
  4 wights (D:7)
  9 killer bees
  3 howler monkeys
  A jelly (D:6)
  13 orc priests
  2 hounds (D:6)
  Natasha (thrice) (D:4)
  6 iguanas
  12 orc wizards
  6 ogre zombies (D:12)
  Robin (D:3)
  11 gnolls
  5 adders
  A shadow imp (D:8)
  A white imp (D:6)
  2 ufetubi
  3 worms
  2 dart slugs
  55 orcs
  5 bats
  7 endoplasms
  3 giant cockroaches
  18 goblins
  2 hobgoblins
  12 jackals
  7 quokkas
  5 ball pythons
  8 frilled lizards
  3 goblin zombies (D:12)
  2 hobgoblin skeletons (D:12)
  4 hobgoblin zombies (D:12)
  23 kobolds
  3 orc skeletons (D:12)
  12 orc zombies (D:12)
  3 rats
  A fulminant prism (D:9)
373 creatures vanquished.

Vanquished Creatures (collateral kills)
  An orc wizard (D:12)
  2 orcs
  A goblin skeleton (D:12)
  2 kobolds (D:12)
  8 fulminant prisms
14 creatures vanquished.

Vanquished Creatures (others)
  An orc (D:12)
  A kobold (D:12)
  2 bushes (D:3)
  159 fulminant prisms
  A fungus (Lair:1)
  31 plants
195 creatures vanquished.

Grand Total: 582 creatures vanquished

Notes
Turn   | Place    | Note
-------+----------+-------------------------------------------
     0 | D:1      | ketsa the Djinni Conjurer began the quest for the Orb.
     0 | D:1      | ketsa set off with the following spells memorised: Magic
                  | Dart, Searing Ray, Dazzling Flash, Fulminant Prism,
                  | Iskenderun's Mystic Blast.
     0 | D:1      | Reached XP level 1. HP: 15/15 MP: 0/0
   225 | D:1      | Reached XP level 2. HP: 19/21 MP: 0/0
   894 | D:1      | Reached XP level 3. HP: 23/25 MP: 0/0
   894 | D:1      | Learned a level 1 spell: Summon Small Mammal
  1347 | D:2      | Reached skill level 4 in Spellcasting
  1443 | D:2      | Found Fepru's Jewellery Boutique.
  1520 | D:2      | Found Vyex's Distillery.
  1614 | D:2      | Bought a potion of curing for 39 gold pieces
  1640 | D:2      | Found Tuezo's Distillery.
  1701 | D:2      | Reached XP level 4. HP: 28/31 MP: 0/0
  1814 | D:2      | Found Sary's Weapon Shop.
  2273 | D:2      | Found a faded altar of an unknown god.
  2494 | D:3      | Noticed Sigmund
  2494 | D:3      | Noticed Robin
  2897 | D:3      | Reached XP level 5. HP: 2/35 MP: 0/0
  2897 | D:3      | Learned a level 2 spell: Ensorcelled Hibernation
  3315 | D:3      | Reached skill level 5 in Spellcasting
  4356 | D:3      | Killed Robin
  5187 | D:4      | Reached XP level 6. HP: 37/40 MP: 0/0
  5316 | D:4      | Noticed Natasha
  5318 | D:4      | Killed Natasha
  5374 | D:4      | Found a staircase to the Ecumenical Temple.
  5387 | Temple   | Entered the Ecumenical Temple
  5453 | Temple   | Became a worshipper of Makhleb the Destroyer
  5478 | D:4      | Noticed a water moccasin
  5483 | D:4      | Noticed a black bear
  5495 | D:4      | Killed a water moccasin
  5496 | D:4      | Reached skill level 6 in Spellcasting
  5498 | D:4      | Killed a black bear
  5499 | D:4      | Reached XP level 7. HP: 35/45 MP: 0/0
  5499 | D:4      | Learned a level 3 spell: Inner Flame
  5580 | D:4      | Noticed Natasha
  5588 | D:4      | Killed Natasha
  5679 | D:4      | Found a shadowy altar of Dithmenos.
  5801 | D:4      | Noticed Menkaure
  5811 | D:4      | Killed Menkaure
  5812 | D:4      | Found an ornate altar of the Wu Jian Council.
  6033 | D:4      | Noticed Natasha
  6054 | D:4      | Killed Natasha
  6151 | D:4      | Found an opulent altar of Gozag.
  6156 | D:4      | Noticed Grinder
  7063 | D:5      | Entered Level 5 of the Dungeon
  7070 | D:5      | Reached skill level 7 in Spellcasting
  7070 | D:5      | Reached XP level 8. HP: 43/50 MP: 0/0
  7199 | D:5      | Reached * piety under Makhleb
  7248 | D:4      | Paralysed by Grinder for 3 turns
  7258 | D:4      | Killed Grinder
  7259 | D:4      | Reached skill level 8 in Spellcasting
  8177 | D:5      | Reached XP level 9. HP: 49/55 MP: 0/0
  8177 | D:5      | Learned a level 3 spell: Frozen Ramparts
  8348 | D:5      | Found a stormy altar of Qazlal.
  8740 | D:6      | Reached skill level 9 in Spellcasting
  9109 | D:6      | Noticed Edmund
  9117 | D:6      | Noticed Maggie
  9127 | D:6      | Killed Edmund
  9128 | D:6      | Reached skill level 10 in Spellcasting
  9271 | D:6      | Reached ** piety under Makhleb
  9625 | D:6      | Noticed Pikel
  9637 | D:6      | Killed Pikel
  9638 | D:6      | Reached XP level 10. HP: 56/60 MP: 0/0
 10049 | D:7      | Found a hide-covered altar of Uskayaw.
 10193 | D:7      | Noticed p0werm0de's ghost (novice MiFi)
 10205 | D:7      | Reached skill level 11 in Spellcasting
 10469 | D:7      | Found a runed translucent gate.
 10470 | D:7      | Found a runed translucent gate.
 10471 | D:7      | Found a runed translucent gate.
 11059 | D:8      | Noticed Amaemon
 11090 | D:8      | Killed an unseen horror
 11684 | D:8      | Found a staircase to the Lair.
 11697 | Lair:1   | Entered Level 1 of the Lair of Beasts
 11847 | D:8      | Reached skill level 12 in Spellcasting
 11881 | D:8      | Noticed an orange demon
 11881 | D:8      | Killed Amaemon
 11887 | D:8      | Killed an orange demon
 11980 | D:8      | Found Orozapit's Jewellery Emporium.
 12090 | D:9      | Reached XP level 11. HP: 64/65 MP: 0/0
 12090 | D:9      | Learned a level 5 spell: Manifold Assault
 12092 | D:9      | Reached *** piety under Makhleb
 12806 | D:9      | Reached skill level 13 in Spellcasting
 12876 | D:9      | Noticed Grum
 12891 | D:9      | Killed Grum
 12969 | D:9      | Identified the +5 spear of the Fool {spect, Stlth+}
 13247 | D:9      | Found a sparkling altar of Nemelex Xobeh.
 13356 | D:9      | Found a glowing golden altar of the Shining One.
 13514 | D:10     | Entered Level 10 of the Dungeon
 13564 | D:10     | Noticed a two-headed ogre
 13573 | D:10     | Killed a two-headed ogre
 13832 | D:10     | Noticed Lodul
 14376 | D:10     | Noticed Maurice
 14441 | D:10     | Reached **** piety under Makhleb
 14494 | D:10     | Killed Maurice
 14507 | D:9      | Found a broken altar of Ashenzari.
 14507 | D:9      | Found an iron altar of Okawaru.
 14507 | D:9      | Found a white marble altar of Elyvilon.
 14677 | D:9      | Upgraded the game from 0.29.0-4-gdea44cf6ec to
                  | 0.29.0-5-ge4962eb29e
 14779 | D:10     | Reached skill level 14 in Spellcasting
 15102 | D:10     | Killed Lodul
 15393 | D:11     | Noticed a manticore
 15399 | D:11     | Killed a manticore
 15400 | D:11     | Reached XP level 12. HP: 70/70 MP: 0/0
 15400 | D:11     | Noticed a two-headed ogre
 15954 | D:11     | Noticed Snorg
 15967 | D:11     | Killed Snorg
 15968 | D:11     | Reached skill level 1 in Fighting
 16098 | D:11     | Noticed a two-headed ogre
 16106 | D:11     | Killed a two-headed ogre
 16492 | D:11     | Killed a two-headed ogre
 16554 | D:11     | Noticed Urug
 16559 | D:11     | Killed Urug
 17092 | D:11     | Reached skill level 5 in Dodging
 18781 | D:12     | Reached ***** piety under Makhleb
 18911 | D:12     | Reached skill level 5 in Fighting
 18911 | D:12     | Reached skill level 15 in Spellcasting
 19157 | D:12     | Reached XP level 13. HP: 85/85 MP: 0/0
 19157 | D:12     | Learned a level 5 spell: Yara's Violent Unravelling
 19509 | D:12     | Found a staircase to the Orcish Mines.
 19525 | Orc:1    | Entered Level 1 of the Orcish Mines
 19525 | Orc:1    | Noticed an ettin
 20427 | D:12     | Slain by a white ugly thing

Illustrated notes

Levels and vault maps discovered:
D:1:      elethiomel_arrival_maze, layout_basic, serial_bayou_lagoon_a
D:2:      layout_basic, hellmonk_ecumenical_altar_pennies_from_heaven,
          serial_shops, nicolae_shop_window_shopping,
          nicolae_shop_bloodbath_and_beyond, nicolae_diamond_shop,
          nicolae_diamond_shop, minmay_misc_feat_tiny
D:3:      cheibrodos_old_hovel, layout_loops_ring, lexackson_kobold_supper,
          uniq_sigmund, uniq_robin
D:4:      layout_loops_corners, nicolae_dithmenos_through_a_glass_darkly,
          nicolae_wu_jian_glorious_leap, amcnicky_altar_gilded,
          minmay_temple_entry_overgrown, kennysheep_cross_bottleneck,
          uniq_grinder, uniq_menkaure, uniq_natasha
D:5:      layout_basic, mainiacjoe_overflow_paths,
          nicolae_overflow_crystal_walls
D:6:      layout_basic, kennysheep_generic_room_5, uniq_maggie, uniq_edmund,
          uniq_pikel
D:7:      layout_cave_pools, nicolae_uskayaw_dance_hall, gammafunk_ghost_icy,
          minmay_misc_feat_x
D:8:      layout_basic, lemuel_tele_altar, dpeg_oklobed_lair, serial_shops,
          kennysheep_little_box, uniq_amaemon
D:9:      layout_irregular_city, nicolae_overflow_hidden_temple,
          nemelex_altar_shiori, hangedman_misty_isle, uniq_grum
D:10:     layout_basic, minivault_23, uniq_lodul, uniq_maurice
D:11:     layout_grid_maze, uniq_snorg, uniq_urug
D:12:     minmay_the_grid_octo_tiled_octocenter
          [minmay_the_grid_octo_fan_narrow, minmay_the_grid_octo_checkered,
          minmay_the_grid_octo_shrine, minmay_the_grid_octo_clover_2,
          minmay_the_grid_octo_prize_square_snowflake,
          minmay_the_grid_square_5x5_hourglass,
          minmay_the_grid_square_5x5_shrine1,
          minmay_the_grid_square_5x5_broken_cross,
          minmay_the_grid_square_5x5_minimal], layout_small_grid,
          zombieorc2_lemuel, special_room [special_room_orc]
D:13:     cheibrodos_wizards_tower, layout_irregular_city
Temple:   cyrus_temple_forest
Lair:1:   minmay_guarded_unrand_snakebite, layout_gridlike,
          chequers_serial_rivers_micro_d
Orc:1:    layout_caves, uniq_harold, uniq_nergalle

Skill      XL: |  1  2  3  4  5  6  7  8  9 10 11 12 |
---------------+-------------------------------------+-----
Spellcasting   | 4 5 6 7 8 10 12 14 15 | 15.1
Fighting       | 5 |  5.7
Dodging        | 6 |  6.7
Stealth        | |  1.5

Action                   |  1- 3 |  4- 6 |  7- 9 | 10-12 | 13-15 || total
-------------------------+-------+-------+-------+-------+-------++-------
Melee: Unarmed           |       |     3 |     1 |       |       ||     4
       Dagger            |       |       |       |     1 |       ||     1
 Cast: Magic Dart        |    63 |    96 |    82 |   191 |    33 ||   465
       Summon Small Mamm |       |     2 |       |     3 |       ||     5
       Searing Ray       |       |    13 |    31 |    68 |    15 ||   127
       Dazzling Flash    |       |     1 |     1 |       |     1 ||     3
       Fulminant Prism   |       |     3 |    17 |   138 |    10 ||   168
       Iskenderun's Myst |       |       |     5 |     4 |       ||     9
       Ensorcelled Hiber |       |       |     1 |     2 |     1 ||     4
       Frozen Ramparts   |       |       |       |     2 |     4 ||     6
Evoke: Wand              |       |       |     3 |       |       ||     3
  Use: Scroll            |       |     6 |     3 |     7 |       ||    16
       Potion            |       |       |       |     1 |       ||     1
Armor: Robe              |       |     2 |     9 |    33 |     2 ||    46
Dodge: Dodged            |     7 |    18 |    25 |   151 |    43 ||   244
